 Dungeon Crawl Stone Soup version 0.31.0-11-ge490571c62 (webtiles) character file.

Game seed: 522662465236240335

266 Sabo the Ducker (level 6, 0/53 HPs)
             Began as a Gnoll Monk on Jan 27, 2024.
             Slain by Robin
             ... wielding a +4 trident of venom
              (4 damage)
             ... on level 3 of the Dungeon.
             The game lasted 00:16:18 (3184 turns).

Sabo the Ducker (Gnoll Monk)                        Turns: 3184, Time: 00:16:20

Health: 0/53       AC: 10    Str: 13    XL:     6   Next: 20%
Magic:  17/17      EV:  8    Int:  9    God:
Gold:   194        SH:  0    Dex: 14    Spells: 8/8 levels left

rFire   . . .        k - +2 dagger (speed)
rCold   . . .        d - orb {light}
rNeg    . . .        x - +0 chain mail
rPois   .            (no helmet)
rElec   .            (no cloak)
rCorr   .            f - +0 pair of gloves
SInv    .            o - +0 pair of boots
Will    .....        (no amulet) Stlth
                     n - ring of magical power
HPRegen 0.28/turn    (no ring)
MPRegen 0.15/turn

%: no passive effects
@: confused, lethally poisoned (0 -> -10), ambrosia-drunk, glowing
A: fangs 1, strong nose, distributed training
a: no special abilities


You were on level 3 of the Dungeon.
You visited 1 branch of the dungeon, and saw 3 of its levels.
You also visited: Sewer.

You collected 194 gold pieces.

Inventory:

Hand Weapons
 a - a +0 hand axe
 k - a +2 dagger of speed (weapon)
Armour
 d - an orb of light (worn)
 f - a +0 pair of gloves (worn)
 o - a +0 pair of boots (worn)
 x - a +0 chain mail (worn)
Jewellery
 e - an amulet of faith
 n - a ring of magical power (left hand)
Wands
 q - a wand of paralysis (8)
Scrolls
 b - 3 scrolls of enchant armour {unknown}
 g - a scroll of summoning {unknown}
 i - a scroll of acquirement {unknown}
 l - 2 scrolls of brand weapon {unknown}
 p - a scroll of amnesia {unknown}
 r - a scroll of revelation {unknown}
 u - a scroll of fog {unknown}
 v - a scroll of torment {unknown}
 w - 2 scrolls of identify {unknown}
Potions
 c - a potion of ambrosia
 h - 2 potions of curing {unknown}
 j - a potion of haste {unknown}
 s - 2 potions of enlightenment
 t - a potion of mutation


   Skills:
 + Level 6.8 Fighting
 + Level 1.9 Short Blades
 + Level 1.9 Long Blades
 + Level 6.8 Axes
 + Level 1.9 Maces & Flails
 + Level 1.9 Polearms
 + Level 1.9 Staves
 + Level 1.9 Ranged Weapons
 + Level 1.9 Throwing
 + Level 1.9 Armour
 + Level 6.8 Dodging
 + Level 1.9 Stealth
 + Level 1.9 Shields
 + Level 1.9 Unarmed Combat
 + Level 1.9 Spellcasting
 + Level 1.5 Conjurations
 + Level 1.5 Hexes
 + Level 1.5 Summonings
 + Level 1.5 Necromancy
 + Level 1.5 Translocations
 + Level 1.5 Fire Magic
 + Level 1.5 Ice Magic
 + Level 1.5 Air Magic
 + Level 1.5 Earth Magic
 + Level 1.5 Alchemy
 + Level 2.1 Invocations
 + Level 1.9 Evocations
 + Level 1.7 Shapeshifting


You had 8 spell levels left.
You didn't know any spells.
Your spell library was empty.

Dungeon Overview and Level Annotations

Branches:
Dungeon (3/15)              Sewer (visited)

Altars:

Shops:
D:2 (

Annotations:
D:3 Robin


Innate Abilities, Weirdness & Mutations

You have very sharp teeth.
Your uncanny sense of smell can sniff out nearby items.
Your experience applies equally to all skills.


Message History

You feel very sick.
Robin roars a battlecry!
The goblin goes into a battle-frenzy!
You hear an angry hiss.
Things that are here:
a +0 club; a goblin corpse You are confused.
You feel invigorated.
* * * LOW HITPOINT WARNING * * *
You feel very sick.
The goblin no longer looks unusually strong.
Robin throws the goblin at you! The goblin barely misses you.
You bump into the rock wall.
You feel very sick.
Robin hits you from afar with a +4 trident of venom.
* * * LOW HITPOINT WARNING * * *
You are more poisoned.
The goblin hits you but does no damage. The hobgoblin hits you.
* * * LOW HITPOINT WARNING * * *
You're too confused to move!
* * * LOW HITPOINT WARNING * * *
You feel very sick.
Robin roars a battlecry!
The goblin goes into a battle-frenzy!
The hobgoblin hits you.
* * * LOW HITPOINT WARNING * * *
The goblin hits you with a +0 club.
* * * LOW HITPOINT WARNING * * *
You barely miss the hobgoblin.
* * * LOW HITPOINT WARNING * * *
You feel sick.
The hobgoblin hits you but does no damage.
The goblin hits you but does no damage.
You bump into the rock wall.
* * * LOW HITPOINT WARNING * * *
You feel very sick.
The hobgoblin no longer looks unusually strong.
Robin hits you from afar with a +4 trident of venom.
You die...
Robin lets out a smug laugh.

#.# #.#
#.# #.#
#.# #.#
#.# #g#
#@# ##g#
#gg#
#g..gg##
.grg#.###
.. #. #


You could see Robin, a hobgoblin and 4 goblins.

Vanquished Creatures
  A brain worm (Sewer)
  A bombardier beetle (D:3)
  5 adders
  A gnoll (D:2)
  3 river rats (Sewer)
  6 ribbon worms
  A dart slug (D:2)
  2 bats
  4 endoplasms
  3 giant cockroaches
  11 goblins
  5 hobgoblins
  5 jackals
  6 kobolds
  3 quokkas
  11 ball pythons
  8 frilled lizards
  6 rats
82 creatures vanquished.

Notes
Turn   | Place    | Note
-------+----------+-------------------------------------------
     0 | D:1      | Sabo the Gnoll Monk began the quest for the Orb.
     0 | D:1      | Reached XP level 1. HP: 23/23 MP: 1/1
    82 | D:1      | Reached XP level 2. HP: 21/29 MP: 2/2
   510 | D:1      | Reached XP level 3. HP: 30/35 MP: 3/3
  1179 | D:2      | Reached skill level 1 in Invocations
  1297 | D:2      | Reached skill level 1 in Short Blades
  1297 | D:2      | Reached skill level 1 in Long Blades
  1297 | D:2      | Reached skill level 1 in Maces & Flails
  1297 | D:2      | Reached skill level 1 in Polearms
  1297 | D:2      | Reached skill level 1 in Staves
  1297 | D:2      | Reached skill level 1 in Ranged Weapons
  1297 | D:2      | Reached skill level 1 in Throwing
  1297 | D:2      | Reached skill level 1 in Armour
  1297 | D:2      | Reached skill level 1 in Stealth
  1297 | D:2      | Reached skill level 1 in Shields
  1297 | D:2      | Reached skill level 1 in Unarmed Combat
  1297 | D:2      | Reached skill level 1 in Spellcasting
  1297 | D:2      | Reached skill level 1 in Evocations
  1518 | D:2      | Reached skill level 1 in Shapeshifting
  1518 | D:2      | Reached XP level 4. HP: 41/41 MP: 5/5
  1783 | D:2      | Found Ewouwa's Antique Weapon Boutique.
  2151 | D:3      | Reached skill level 1 in Conjurations
  2151 | D:3      | Reached skill level 1 in Hexes
  2151 | D:3      | Reached skill level 1 in Summonings
  2151 | D:3      | Reached skill level 1 in Necromancy
  2151 | D:3      | Reached skill level 1 in Translocations
  2151 | D:3      | Reached skill level 1 in Fire Magic
  2151 | D:3      | Reached skill level 1 in Ice Magic
  2151 | D:3      | Reached skill level 1 in Air Magic
  2151 | D:3      | Reached skill level 1 in Earth Magic
  2151 | D:3      | Reached skill level 1 in Alchemy
  2251 | D:3      | Reached XP level 5. HP: 47/47 MP: 7/7
  2396 | D:3      | Found a glowing drain.
  2404 | Sewer    | Entered a sewer
  2678 | Sewer    | Reached XP level 6. HP: 49/53 MP: 8/8
  3157 | D:3      | Noticed Robin
  3182 | D:3      | HP: 2/53 [goblin/+0 club[Robin] (3)]
  3184 | D:3      | Slain by Robin

Illustrated notes

Levels and vault maps discovered:
D:1:      minmay_arrival_checkered_box, layout_loops_ring,
          chequers_serial_rivers_room_a
D:2:      minmay_chambers_of_ones, layout_loops_cross, serial_shops,
          nicolae_shop_statue_plus, serial_bayou_pond_e
D:3:      layout_basic, shapermc_ecumenical_altar_rom_forum,
          lightli_sewer_entry_pipes, nicolae_the_louvre, uniq_robin

Skill      XL: |  1  2  3  4  5 |
---------------+----------------+-----
Invocations    | 1 2 |  2.1
Short Blades   | 1 |  1.9
Long Blades    | 1 |  1.9
Maces & Flails | 1 |  1.9
Polearms       | 1 |  1.9
Staves         | 1 |  1.9
Ranged Weapons | 1 |  1.9
Throwing       | 1 |  1.9
Armour         | 1 |  1.9
Stealth        | 1 |  1.9
Shields        | 1 |  1.9
Unarmed Combat | 1 |  1.9
Spellcasting   | 1 |  1.9
Evocations     | 1 |  1.9
Shapeshifting  | 1 |  1.7
Conjurations   | 1 |  1.5
Hexes          | 1 |  1.5
Summonings     | 1 |  1.5
Necromancy     | 1 |  1.5
Translocations | 1 |  1.5
Fire Magic     | 1 |  1.5
Ice Magic      | 1 |  1.5
Air Magic      | 1 |  1.5
Earth Magic    | 1 |  1.5
Alchemy        | 1 |  1.5
Fighting       | |  6.8
Axes           | |  6.8
Dodging        | |  6.8

Action                     |  1- 3 |  4- 6 || total
---------------------------+-------+-------++-------
  Melee: Hand axe          |    39 |       ||    39
         Bite              |     7 |    36 ||    43
         Dagger            |    58 |   247 ||   305
    Use: Potion            |       |     1 ||     1
 Armour: Leather armour    |    22 |       ||    22
         Ring mail         |    20 |    85 ||   105
         Chain mail        |       |    23 ||    23
  Dodge: Dodged            |    49 |   110 ||   159
